 Dungeon Crawl Stone Soup version 0.27-a0-797-g27d10ad80f (webtiles) character file.

Game seed: 11950573941443226084

8 polve the Skirmisher (level 2, -2/24 HPs)
             Began as a Demonspawn Abyssal Knight on Mar 27, 2021.
             Was an Initiate of Lugonu.
             Slain by a hobgoblin (6 damage)
             ... on level 1 of the Dungeon.
             The game lasted 00:00:13 (167 turns).

polve the Skirmisher (Demonspawn Abyssal Knight)     Turns: 167, Time: 00:00:14

Health: -2/24      AC:  5    Str: 12    XL:     2   Next: 0%
Magic:  3/3        EV: 11    Int: 13    God:    Lugonu [......]
Gold:   12         SH:  0    Dex: 12    Spells: 1/1 levels left

rFire    . . .     SeeInvis .   a - +1 falchion
rCold    . . .     Faith    .   (no shield)
rNeg     . . .     Spirit   .   b - +0 leather armour
rPois    .         Reflect  .   (no helmet)
rElec    .         Harm     .   (no cloak)
rCorr    .         Rampage  .   (no gloves)
Will     .....                  (no boots)
Stlth    +.........             (no amulet)
HPRegen  0.08/turn              (no ring)
MPRegen  0.08/turn              (no ring)

@: no status effects
A: molten scales 1
a: Renounce Religion


You were on level 1 of the Dungeon.
You worshipped Lugonu.
Lugonu was noncommittal.
You visited 1 branch of the dungeon, and saw 1 of its levels.
You visited the Abyss 1 time.

You collected 12 gold pieces.

Inventory:

Hand Weapons
 a - a +1 falchion (weapon)
Armour
 b - a +0 leather armour (worn)
Scrolls
 c - a scroll of silence {unknown}


   Skills:
 - Level 3.0 Fighting
 + Level 2.5 Long Blades
 - Level 1.7 Armour
 - Level 0.8 Dodging
 - Level 2.4 Invocations


You had one spell level left.
You didn't know any spells.
Your spell library was empty.

Dungeon Overview and Level Annotations

Branches:
Dungeon (1/15)

Altars:


Innate Abilities, Weirdness & Mutations

You are partially covered in molten scales. (AC +2)


Message History

Lugonu accepts your kill. The jackal barely misses you.
You riposte.
You barely miss the jackal. The jackal closely misses you.
You riposte.
You closely miss the jackal. You slash the ball python!
You kill the ball python!
Lugonu accepts your kill. The jackal closely misses you.
You completely miss the hobgoblin. The jackal closely misses you.
The jackal bites you. The hobgoblin hits you.
There are monsters nearby!
There are monsters nearby!
There are monsters nearby!
You are too injured to fight recklessly!
The jackal barely misses you.
You riposte.
You hit the jackal.
You kill the jackal!
Lugonu accepts your kill. The jackal bites you.
The jackal bites you but does no damage.
The jackal bites you but does no damage.
You barely miss the jackal. The jackal misses you.
The jackal closely misses you.
You closely miss the jackal.
The jackal bites you but does no damage.
You miss the jackal. The jackal bites you. The jackal barely misses you.
You hit the jackal but do no damage. The jackal closely misses you.
The jackal bites you.
You closely miss the jackal. The jackal barely misses you.
You riposte.
You slash the jackal!
You kill the jackal!
Lugonu accepts your kill.
You have reached level 2!
Your demonic ancestry asserts itself...
Molten scales grow over part of your body.
You barely miss the hobgoblin. The hobgoblin hits you.
* * * LOW HITPOINT WARNING * * *
You closely miss the hobgoblin. The hobgoblin closely misses you.
You riposte.
You hit the hobgoblin.
The hobgoblin is heavily wounded.
The hobgoblin hits you.
You die...

#....# ..# ##...## ..#
##....# # ..###
###....## #.####
....####.....##
##.....###.........###
........###.#####.##
..........#.#####.#
......†......g@...#
......)..##########
.........# .....>...#
.........# ........##
##.....## ######


You could see a hobgoblin.

Vanquished Creatures
  A ball python (D:1)
  An endoplasm (D:1)
  A goblin (D:1)
  2 jackals (D:1)
  2 rats (D:1)
7 creatures vanquished.

Notes
Turn   | Place    | Note
-------+----------+-------------------------------------------
     0 | Abyss:1  | polve the Demonspawn Abyssal Knight began the quest for the
                  | Orb.
     0 | Abyss:1  | Reached XP level 1. HP: 18/18 MP: 2/2
    88 | Abyss:1  | Noticed a large abomination
    92 | D:1      | Escaped the Abyss
   166 | D:1      | Gained mutation: You are partially covered in molten
                  | scales. (AC +2) [demonic ancestry]
   166 | D:1      | Reached XP level 2. HP: 9/24 MP: 3/3
   167 | D:1      | Slain by a hobgoblin

Illustrated notes

Levels and vault maps discovered:
D:1:      heliophobic_arrival_dark_side_of_the_moon, layout_rooms, serial_shops,
          shop

Skill      XL: |  1 |
---------------+----+-----
Long Blades    | 2 |  2.5
Fighting       | |  3.0
Armour         | |  1.7
Dodging        | |  0.8
Invocations    | |  2.4

Action                   || total
-------------------------++-------
Melee: Falchion          ||    14
Invok: Depart the Abyss  ||     1
Armor: Leather armour    ||     4
Dodge: Dodged            ||    13
       Rpst.: Falchion   ||     5

Table legend: (Time is in decaauts)
 A = Elapsed time spent in this place.
 B = Non-inter-level travel time spent in this place.
 C = Inter-level travel time spent in this place.
 D = Time resting spent in this place.
 E = Time spent auto-exploring this place.
 F = Levels seen in this place.
 G = Mean time per level.
                   A        B        C        D        E       F      G
               +--------+--------+--------+--------+--------+-----+--------+
         Total |    169 |    169 |      0 |      0 |    114 |   2 |   84.5 |
       Dungeon |     77 |     77 |      0 |      0 |     50 |   1 |   77.0 |
         Abyss |     92 |     92 |      0 |      0 |     64 |   1 |   92.0 |
               +--------+--------+--------+--------+--------+-----+--------+

Top non-repeatable levels by time:
 Abyss:1: 92 daAuts
     D:1: 77 daAuts
